 Dungeon Crawl Stone Soup version 0.28.0-45-g0d030f2227 (webtiles) character file.

Game seed: 4070777991337530997

1796 TedEBehr the Covert (level 8, -3/36 HPs)
             Began as a Felid Conjurer on Apr 17, 2022.
             Slain by Harold
             ... wielding a +0 battleaxe
              (26 damage)
             ... on level 7 of the Dungeon.
             The game lasted 00:56:26 (8369 turns).

TedEBehr the Covert (Felid Conjurer)                Turns: 8369, Time: 00:56:26

Health: -3/36      AC:  2    Str:  5    XL:     8   Next: 83%
Magic:  6/17       EV: 19    Int: 30    God:
Gold:   73         SH:  0    Dex: 14    Spells: 1/18 levels left
                                        Lives:  0   Deaths: 2

rFire   + + .      SeeInvis +     - Unarmed
rCold   x . .      Faith    .   (shield unavailable)
rNeg    . . .      Spirit   .   (armour unavailable)
rPois   .          Reflect  .   (helmet unavailable)
rElec   .          Harm     .   (cloak unavailable)
rCorr   +          Rampage  .   (gloves unavailable)
Will    +....                   (boots unavailable)
Stlth   +++++.....              e - amulet of regeneration
HPRegen 0.92/turn               i - +6 ring of intelligence
MPRegen 0.15/turn               c - ring "Qionuw" {rF++ rC- rCorr Int+2 Stlth+}

@: quick
A: very small, claws 1, fangs 3, see invisible, speed 1, shaggy fur 2, stealthy
paws, no weapons or thrown items, no armour, multi-lived
a: no special abilities


You were on level 7 of the Dungeon.
You visited 1 branch of the dungeon, and saw 7 of its levels.

You collected 243 gold pieces.
You spent 170 gold pieces at shops.

Inventory:

Jewellery
 a - a +6 ring of dexterity
 c - the ring "Qionuw" (right paw) {rF++ rC- rCorr Int+2 Stlth+}
   (You acquired it on level 2 of the Dungeon)

   [ring of resist corrosion]

   Int:       It affects your intelligence (+2).
   rF:        It greatly protects you from fire.
   rC:        It makes you vulnerable to cold.
   rCorr:     It protects you from acid and corrosion.
   Stlth:     It makes you more stealthy.
 e - an amulet of regeneration (around neck)
 i - a +6 ring of intelligence (left paw)
 j - the amulet "Netsiphyfi" {Regen+ SInv}
   (You took it off an orc on level 4 of the Dungeon)

   [amulet of regeneration]

   SInv:      It lets you see invisible.
   Regen:     It increases your rate of health regeneration.
Wands
 d - a wand of flame (3)
 g - a wand of polymorph (7)
 h - a wand of iceblast (13)
Scrolls
 n - a scroll of amnesia {unknown}
Potions
 b - 2 potions of might
 k - 2 potions of heal wounds
 l - a potion of curing
 m - a potion of cancellation
 o - 2 potions of flight
 p - a potion of ambrosia {unknown}


   Skills:
 * Level 3.8 Fighting
 * Level 6.0 Dodging
 * Level 8.3 Stealth
 * Level 4.1 Unarmed Combat
 * Level 5.5 Spellcasting
 * Level 6.1 Conjurations
 * Level 6.0 Hexes
 * Level 1.4 Summonings
 * Level 6.2 Translocations
 * Level 3.7 Evocations


You had one spell level left.
You knew the following spells:

 Your Spells              Type           Power      Damage    Failure   Level
a - Magic Dart            Conj           100%       1d8       1%          1
b - Searing Ray           Conj           90%        2d7       1%          2
c - Blink                 Tloc           90%        N/A       1%          2
d - Tukima's Dance        Hex            44%        N/A       1%          3
e - Fulminant Prism       Conj/Hex       22%        3d13      4%          4
f - Summon Forest         Summ/Tloc      15%        N/A       32%         5

Your spell library contained the following spells:

 Spells                   Type           Power      Damage    Failure   Level
 Beastly Appendage        Tmut           16%        N/A       5%          1
 Dazzling Flash           Conj/Hex       88%        N/A       1%          3
 Lesser Beckoning         Tloc           45%        N/A       1%          3
 Conjure Flame            Conj/Fire      26%        6-21      4%          3
 Iskenderun's Mystic Bla  Conj/Tloc      45%        2d10      4%          4
 Passage of Golubria      Tloc           45%        N/A       4%          4
 Manifold Assault         Tloc           45%        N/A       12%         5
 Lightning Bolt           Conj/Air       13%        1d26      41%         5
 Yara's Violent Unravell  Hex/Tmut       13%        3d7       41%         5
 Petrify                  Tmut/Erth      8%         N/A       50%         4
 Eringya's Noxious Bog    Tmut/Pois      4%         N/A       100%        6


Dungeon Overview and Level Annotations

Branches:
Dungeon (7/15)
 Temple: D:4-7

Altars:
Gozag
Hepliaklqana
Uskayaw
Vehumet

Shops:
D:2 =   D:3 =   D:4 [   D:5 [*(

Annotations:
D:7 Harold


Innate Abilities, Weirdness & Mutations

You have sharp claws.
You have razor-sharp teeth.
You have supernaturally acute eyesight. (SInv)
You cover ground quickly. (Speed+)
You are covered in thick fur. (AC +2)
Your paws help you pounce on unaware monsters.
You are incapable of wielding weapons or throwing items.
You cannot wear armour.
You gain extra lives every three experience levels.


Message History

Press: ? - help, Q - select action, (/) - cycle Dir - move target You conjure a prism of explosive energy!
Harold shouts!
A fulminant prism comes into view.
You hear a loud crackle.
You hear an explosion!
Aiming: Fulminant Prism (quite dangerous; 4% risk of failure)
Press: ? - help, Q - select action, (/) - cycle Dir - move target You conjure a prism of explosive energy!
A fulminant prism comes into view.
Casting: Fulminant Prism (quite dangerous; 4% risk of failure)
Confirm with . or Enter, or press ? or * to list all spells.
Aiming: Searing Ray (safe; 1% risk of failure)
Press: ? - help, Shift-Dir - straight line, f - Harold
Aim: Harold, wielding a +0 battleaxe, wearing a +3 ring mail of willpower and quivering 3 throwing nets (heavily wounded, ally target, 89% to hit)
The searing ray hits Harold!
Harold is heavily wounded. (Press . to maintain the ray.)
Your fulminant prism crackles loudly.
The searing ray misses Harold.
Harold throws a throwing net.
The throwing net hits you.
You become entangled in the net!
Your fulminant prism explodes!
The blast of energy engulfs Harold!!
Harold is severely wounded.
The searing ray hits Harold.
Harold is almost dead.
Harold fires a harpoon shot at you. The harpoon shot misses you.
The searing ray hits Harold.
Harold is almost dead.
You finish channelling your searing ray.
You struggle against the net.
The wyvern skeleton bites you. Harold barely misses you.
You tear a large gash into the net.
The wyvern skeleton bites you! Harold hits you with a +0 battleaxe.
You rip the net and break free!
The wyvern skeleton completely misses you.
Harold hits you with a +0 battleaxe!!
Ouch! That really hurt!
You die...

### #.# #.############
#.......@....#
#.##########.#######
#####.##########...'._⌠#
...................'._⌠#
#####.##########@###P############
........>......Z@#####...........
#####.##...............##########
...##.##..######.......# #..
##.##..................########..
#.##............#+######....##..
#.##.##..#..................##..
#.##.##..#...#..#.#####.....##..
#.##.##..#...#..#.# ##.....##..
#.# #..#.###..#...............


You could see Harold and a wyvern skeleton.

Vanquished Creatures
  Pikel (D:4)
  3 yaks (D:4)
  A water moccasin (D:6)
  A necrophage (D:5)
  2 ice beasts
  3 ogres
  A wolf (D:4)
  7 phantoms
  Blork the orc (D:5)
  2 scorpions
  A gnoll sergeant (D:6)
  A water moccasin zombie (D:6)
  A water moccasin skeleton (D:6)
  3 wights
  A howler monkey (D:6)
  4 hounds
  A jelly (D:5)
  An orc priest (D:3)
  2 centaur skeletons (D:6)
  3 iguanas (D:5)
  Crazy Yiuf (D:2)
  Ijyb (D:3)
  2 orc wizards
  A hound skeleton (D:5)
  2 howler monkey zombies
  Robin (D:2)
  4 gnolls (D:6)
  2 howler monkey skeletons
  7 adders
  A shadow imp (D:7)
  2 ufetubi
  2 adder skeletons (D:4)
  A worm (D:2)
  2 dart slugs
  15 orcs
  15 endoplasms
  3 giant cockroaches
  18 goblins
  11 hobgoblins
  4 jackals (D:2)
  6 quokkas
  5 ball pythons
  8 bats
  2 frilled lizards
  14 kobolds
  5 rats
175 creatures vanquished.

Vanquished Creatures (collateral kills)
  A steam dragon (D:6)
  An ogre (D:4)
  A wight (D:4)
  An orc wizard (D:4)
4 creatures vanquished.

Vanquished Creatures (others)
  20 fulminant prisms
  2 fungi (D:2)
22 creatures vanquished.

Grand Total: 201 creatures vanquished

Notes
Turn   | Place    | Note
-------+----------+-------------------------------------------
     0 | D:1      | TedEBehr the Felid Conjurer began the quest for the Orb.
     0 | D:1      | Reached XP level 1. HP: 7/7 MP: 4/4
   199 | D:1      | Reached XP level 2. HP: 11/11 MP: 4/6
   202 | D:1      | Learned a level 2 spell: Searing Ray
   354 | D:1      | Reached skill level 3 in Stealth
   640 | D:1      | Learned a level 2 spell: Blink
   666 | D:1      | Reached XP level 3. HP: 14/14 MP: 3/7
  1492 | D:2      | Identified a scroll of acquirement
  1492 | D:2      | Acquired the ring "Qionuw" {rF++ rC- rCorr Int+2 Stlth+}
  1581 | D:2      | Reached skill level 1 in Translocations
  1618 | D:2      | Found Wuniw's Jewellery Emporium.
  1623 | D:2      | Reached skill level 1 in Unarmed Combat
  1675 | D:2      | Reached XP level 4. HP: 18/18 MP: 0/8
  1796 | D:2      | Noticed Robin
  1804 | D:2      | Killed Robin
  2376 | D:2      | Found a runed translucent door.
  2377 | D:2      | Noticed Crazy Yiuf
  2403 | D:2      | Killed Crazy Yiuf
  2404 | D:2      | Reached skill level 4 in Stealth
  2404 | D:2      | Reached XP level 5. HP: 15/21 MP: 2/9
  2525 | D:3      | Found Bunaecw's Jewellery Shoppe.
  2595 | D:3      | Learned a level 3 spell: Tukima's Dance
  2848 | D:3      | Noticed Ijyb
  3341 | D:3      | Killed from afar by an orc priest
  3342 | D:3      | Reached XP level 4. HP: -5/18 MP: 0/8
  3449 | D:3      | Killed Ijyb
  3450 | D:3      | Reached skill level 1 in Fighting
  3742 | D:3      | Reached XP level 5. HP: 7/22 MP: 0/10
  3892 | D:4      | Found Rufao's Antique Armour Shoppe.
  3899 | D:4      | Reached skill level 1 in Hexes
  4176 | D:4      | Noticed a lemure
  4184 | D:4      | Noticed Pikel
  4191 | D:4      | Noticed a lemure
  4212 | D:4      | Killed Pikel
  4213 | D:4      | Reached skill level 5 in Stealth
  4213 | D:4      | Reached skill level 1 in Evocations
  4213 | D:4      | Gained mutation: You are covered in thick fur. (AC +2)
                  | [Felid growth]
  4213 | D:4      | Reached XP level 6. HP: 8/26 MP: 4/12
  4213 | D:4      | Reached XP level 7. HP: 10/30 MP: 4/13
  4309 | D:4      | Learned a level 4 spell: Fulminant Prism
  4348 | D:4      | Noticed a yak
  4352 | D:4      | Noticed a yak
  4354 | D:4      | Noticed a yak
  4375 | D:4      | Killed a yak
  4376 | D:4      | Reached skill level 5 in Conjurations
  4394 | D:4      | Killed a yak
  4395 | D:4      | Reached skill level 6 in Stealth
  4573 | D:4      | Killed a yak
  4574 | D:4      | Reached XP level 8. HP: 34/34 MP: 1/14
  4711 | D:4      | Noticed Sigmund
  4837 | D:4      | Noticed Sigmund
  4837 | D:4      | Sigmund changed into Sigmund the goblin
  4839 | D:4      | Killed Sigmund the goblin
  4924 | D:4      | Identified the amulet "Netsiphyfi" {Regen+ SInv}
  4967 | D:4      | Got the Guide on Floating Dislocation
  5450 | D:4      | Reached skill level 5 in Dodging
  5680 | D:5      | Entered Level 5 of the Dungeon
  5698 | D:5      | Found Giuhik's Weapon Shoppe.
  5837 | D:5      | Reached skill level 7 in Stealth
  5862 | D:5      | Found a radiant altar of Vehumet.
  6087 | D:5      | Found Jitagris's Armour Boutique.
  6114 | D:5      | Reached skill level 5 in Hexes
  6202 | D:5      | Reached skill level 5 in Translocations
  6202 | D:5      | Reached XP level 9. HP: 38/38 MP: 3/16
  6352 | D:5      | Learned a level 5 spell: Summon Forest
  6411 | D:5      | Found Anno's Assorted Antiques.
  6432 | D:5      | Bought 3 scrolls of identify for 132 gold pieces
  6432 | D:5      | Bought a black potion for 19 gold pieces
  6432 | D:5      | Bought a brown potion for 19 gold pieces
  6505 | D:5      | Identified the +0 helmet of Vatzou Quom {rN+}
  6602 | D:5      | Noticed a +0 dagger
  6603 | D:5      | Found a hide-covered altar of Uskayaw.
  6603 | D:5      | Noticed a +0 dagger
  6640 | D:5      | Noticed Blork the orc
  6644 | D:5      | Killed Blork the orc
  6674 | D:5      | Got Dahoh's Handbook of Igneous Moulding
  6979 | D:6      | Reached skill level 5 in Spellcasting
  7374 | D:6      | Identified the +8 quarterstaff "Suastoz" {venom, rC+ rCorr
                  | Dex+3}
  7483 | D:6      | Reached skill level 1 in Summonings
  7723 | D:6      | Reached skill level 8 in Stealth
  8027 | D:6      | Identified the +1 leather armour of the Lair of Beasts
                  | {*Corrode Int+5}
  8234 | D:7      | Found a hazy altar of Hepliaklqana.
  8234 | D:7      | Found an opulent altar of Gozag.
  8296 | D:7      | Noticed Harold
  8305 | D:7      | HP: 1/39 [Harold/+0 battleaxe (26)]
  8306 | D:7      | Slain by Harold
  8307 | D:7      | Reached XP level 8. HP: -3/36 MP: 11/17
  8369 | D:7      | Slain by Harold

Illustrated notes

Levels and vault maps discovered:
D:1:      pf_arrival_petrified_forest, layout_rooms, nrook_uturn
D:2:      layout_loops_ring, serial_shops, shop_fountains,
          uniq_crazy_yiuf_cottage, uniq_robin
D:3:      layout_loops_cross, serial_shops, nicolae_shop_trees, uniq_ijyb
D:4:      layout_loops_ring, serial_shops, nicolae_diamond_shop,
          minmay_misc_feat_tiny, minmay_divided_ellipse, uniq_sigmund,
          uniq_pikel
D:5:      layout_loops_corners, nicolae_overflow_crystal_walls,
          dancing_weapons_uskayaw, serial_shops, kennysheep_mini,
          nicolae_shop_bloodbath_and_beyond, shop, uniq_blork_the_orc
D:6:      layout_basic, grunt_ministairs_5
D:7:      layout_basic, nicolae_overflow_hallway_of_the_gods,
          gammafunk_temple_overflow_wave, minmay_temple_entry_trees, uniq_harold

Skill      XL: |  1  2  3  4  5  6  7  8  9 |
---------------+----------------------------+-----
Conjurations   | 4 5 6 |  6.1
Stealth        | 3 4 5 6 7 8 |  8.3
Translocations | 1 2 3 4 5 6 |  6.2
Dodging        | 3 4 5 6 |  6.0
Unarmed Combat | 1 2 3 4 |  4.1
Fighting       | 1 2 3 |  3.8
Hexes          | 2 3 5 6 |  6.0
Spellcasting   | 3 4 5 |  5.5
Evocations     | 1 2 3 |  3.7
Summonings     | 1 |  1.4

Action                   |  1- 3 |  4- 6 |  7- 9 || total
-------------------------+-------+-------+-------++-------
Melee: Unarmed           |    25 |    92 |    37 ||   154
       Bite              |     4 |    20 |     4 ||    28
       Punch             |     1 |     3 |     2 ||     6
 Cast: Magic Dart        |    21 |     6 |    11 ||    38
       Searing Ray       |    23 |    32 |    45 ||   100
       Tukima's Dance    |       |     7 |    14 ||    21
       Blink             |       |     1 |     1 ||     2
       Fulminant Prism   |       |       |    20 ||    20
       Summon Forest     |       |       |     1 ||     1
Evoke: Wand              |       |     4 |    14 ||    18
  Use: Scroll            |     2 |     3 |     5 ||    10
       Potion            |       |     4 |     4 ||     8
 Stab: Sleeping          |     2 |    12 |    11 ||    25
Armor: Skin              |     3 |    24 |    11 ||    38
Dodge: Dodged            |    39 |    58 |   102 ||   199
